 Dungeon Crawl Stone Soup version 0.28-a0-1159-g27aa881441 (webtiles) character file.

Game seed: 3036396086439963685

62457 ThreePoint314 the Severer (level 15, -22/136 HPs)
             Began as a Hill Orc Berserker on Dec 15, 2021.
             Was a High Priest of Trog.
             Annihilated by a +3 battleaxe of holy wrath (26 damage)
             ... on level 2 of the Elven Halls.
             The game lasted 00:37:42 (26266 turns).

ThreePoint314 the Severer (Hill Orc Berserker)     Turns: 26266, Time: 00:37:43

Health: -22/136    AC: 28    Str: 29    XL:     15   Next: 6%
Magic:  15/15      EV: 12    Int:  9    God:    Trog [*****.]
Gold:   696        SH:  5    Dex: 12    Spells: 14/14 levels left

rFire   + . .      SeeInvis +   a - +5 executioner's axe (venom)
rCold   + + +      Faith    .   (shield currently unavailable)
rNeg    . . .      Spirit   .   M - +1 plate armour {rC+}
rPois   .          Reflect  +   W - +3 crown of Dyrovepreva {rElec Int+2 SInv}
rElec   +          Harm     .   v - scarf {rC+ rF+}
rCorr   .          Rampage  .   c - +2 pair of gloves {Str+3}
Will    +....                   d - +0 pair of boots
Stlth   ..........              m - amulet of reflection
HPRegen 0.32/turn               Q - ring of protection from cold
MPRegen 0.14/turn               g - +4 ring of protection

@: studying Dodging
A: no striking features
a: Renounce Religion, Berserk, Trog's Hand, Brothers in Arms


You were on level 2 of the Elven Halls.
You worshipped Trog.
Trog was extremely pleased with you.
You visited 4 branches of the dungeon, and saw 22 of its levels.
You also visited: Ice Cave.

You collected 2328 gold pieces.
You spent 1632 gold pieces at shops.

Inventory:

Hand Weapons
 a - a +5 executioner's axe of venom (weapon)
 b - a +0 war axe of flaming
 s - a +0 glaive
 P - a +2 vorpal executioner's axe
Missiles
 r - 14 boomerangs
 B - a throwing net
Armour
 c - a +2 pair of gloves of strength (worn)
 d - a +0 pair of boots (worn)
 v - a scarf of resistance (worn)
 C - the +1 cloak of Starlight {*Dazzle EV+4 Stlth--}
   (You found it on level 9 of the Dungeon)

   It may blind those who miss an attack against the wearer in melee combat.
   EV:        It affects your evasion (+4).
   Stlth:     It makes you much less stealthy.
 M - a +1 plate armour of cold resistance (worn)
 W - the +3 crown of Dyrovepreva (worn) {rElec Int+2 SInv}
   (You bought it in a shop on level 2 of the Orcish Mines)

   Int:       It affects your intelligence (+2).
   rElec:     It insulates you from electricity.
   SInv:      It lets you see invisible.
Jewellery
 g - a +4 ring of protection (right hand)
 h - a ring of positive energy
 i - the ring of Geseata {Fire Int+7}
   (You found it on level 8 of the Dungeon)

   [ring of fire]

   It enhances your fire magic.
   Int:       It affects your intelligence (+7).
   rF:        It protects you from fire.
   rC:        It makes you vulnerable to cold.
 m - an amulet of reflection (around neck)
 q - a ring of willpower
 L - a ring of flight
 N - a ring of protection from cold
 Q - a ring of protection from cold (left hand)
 S - a +4 ring of protection
 T - a ring of protection from cold
Wands
 f - a wand of flame (63) (quivered)
 t - a wand of iceblast (2)
 x - a wand of acid (6)
 y - a wand of digging (11)
 A - a wand of polymorph (1)
 H - a wand of paralysis (20)
Scrolls
 o - 2 scrolls of immolation
 u - a scroll of fear
 z - 2 scrolls of fog
 F - 4 scrolls of torment
Potions
 k - 3 potions of flight
 l - 3 potions of lignification
 n - 3 potions of might
 w - a potion of invisibility
 G - a potion of attraction
 I - 2 potions of heal wounds
 J - a potion of resistance
 K - 2 potions of curing
 U - a potion of cancellation {unknown}
 V - a potion of mutation
Miscellaneous
 O - a condenser vane


   Skills:
 + Level 13.5 Fighting
 * Level 20.0 Axes
 + Level 12.2 Armour
 + Level 10.6 Dodging
 + Level 9.7 Evocations


You had 14 spell levels left.
You didn't know any spells.
Your spell library was empty.

Dungeon Overview and Level Annotations

Branches:
Dungeon (12/15)            Temple (0/1) D:7            Lair (6/6) D:11
  Swamp (0/4) Lair:4       Spider (0/4) Lair:4        Slime (0/5) Lair:5
    Orc (2/2) D:10            Elf (1/3) Orc:2         IceCv (visited)

Altars:
Cheibriados
Gozag
Kikubaaqudgha
Qazlal
Ru
Sif Muna
Trog
Vehumet
Xom
The Shining One
Beogh

Shops:
Orc:2 [(!(

Annotations:
Elf:1 2 transporters, Huli's ghost, master GnWn
Elf:2 Erips's ghost, adept TrFi; Huli's ghost, master GnWn; Nuiffe Xitzo's ghost, journeyman DrEE; Piceto's ghost, adept DEFE; Sompag's ghost, adept DrVM; Waskuitz's ghost, adept DrCj


Message History

The deep elf zephyrmancer blinks!
You catch the helpless deep elf zephyrmancer completely off-guard!
You slice the deep elf zephyrmancer!!
Your attack snaps the deep elf zephyrmancer out of its fear.
The deep elf zephyrmancer is almost dead.
The deep elf zephyrmancer casts a spell.
The deep elf zephyrmancer blinks!
As you read the scroll of teleportation, it crumbles to dust.
You feel strangely unstable.
The deep elf zephyrmancer casts a spell.
The deep elf zephyrmancer blinks!
You catch the helpless deep elf zephyrmancer completely off-guard!
You chop the deep elf zephyrmancer into pieces!!!
You kill the deep elf zephyrmancer!
Trog accepts your kill.
Trog appreciates your killing of a magic user.
The deep elf knight shoots an arrow.
The arrow hits your earth elemental!
Your life force feels restored.
You see here a +0 mace of protection.
You hear the brisk crackle of a distant magical portal.
Your surroundings suddenly seem different.
A +3 battleaxe of holy wrath comes into view.
The deep elf zephyrmancer shouts!
The deep elf knight shouts!
As you read the scroll of fog, it crumbles to dust.
The scroll dissolves into smoke.
The deep elf zephyrmancer mumbles some strange words.
The deep elf zephyrmancer blinks!
You slice the deep elf knight!!
The deep elf knight is heavily wounded.
The deep elf knight hits you but does no damage.
You barely miss the deep elf knight.
The deep elf knight is heavily wounded.
The deep elf knight hits you but does no damage.
You slice the deep elf knight!!
You kill the deep elf knight!
Trog accepts your kill.
Trog appreciates your killing of a magic user.
You slash the +3 battleaxe of holy wrath!
The +3 battleaxe of holy wrath hits you!!
You die...

## ### #### ##.# ##.##
#...#
..##...##...##.....
.........§§§§§.....
........§§§§§.....
#......§§@§§#
#.....§§(§##
##....§§§##
##.....§..)##
...#.....(.....#.
.........e.........
.........e............
......................
#......e(.............


You could see a +3 battleaxe of holy wrath.

Vanquished Creatures
  Rupert (Lair:4)
  A reaper (IceCv)
  The ghost of yoda5477 the Basher, a journeyman DsTm of Wu Jian (D:10)
  Nessos (Lair:4)
  Josephine (Lair:4)
  Harold (D:8)
  5 hydras
  The ghost of joejoepie the Fighter, a novice PaFi of Qazlal (D:8)
  A boulder beetle (D:11)
  5 two-headed ogres
  4 orc high priests (Orc:2)
  5 dancing weapons (Elf:2)
  2 deep elf knights (Elf:2)
  A deep elf archer (Elf:1)
  Pikel (D:4)
  A wizard (D:10)
  A necromancer (Lair:5)
  4 orc knights (Orc:2)
  6 deep elf zephyrmancers
  2 deep elf pyromancers
  4 orc sorcerers (Orc:2)
  A cyclops (D:12)
  An ugly thing (D:11)
  3 manticores
  2 ice statues (IceCv)
  3 black mambas
  6 cane toads
  3 komodo dragons
  A kobold demonologist (D:10)
  5 rime drakes
  An entropy weaver simulacrum (IceCv)
  8 ice devils (IceCv)
  3 trolls
  A jumping spider (Lair:4)
  A polar bear (Lair:3)
  A hornet (D:9)
  Grinder (D:3)
  A dream sheep (Lair:5)
  3 slime creatures
  12 blink frogs
  A vampire (D:12)
  3 shadows
  5 wraiths (Lair:4)
  13 wyverns
  2 dire elephant simulacra (IceCv)
  Eustachio (D:4)
  A death yak simulacrum (IceCv)
  2 basilisks (Lair:4)
  28 yaks
  4 vampire mosquitoes (D:12)
  A steam dragon (D:7)
  A harpy simulacrum (IceCv)
  A warg (Orc:1)
  2 acid dragons (D:10)
  Duvessa (D:5)
  9 water moccasins
  25 orc warriors
  A sky beast (D:7)
  3 ice beasts
  A black bear (D:7)
  10 ogres
  6 wolves
  2 necrophages
  7 centaurs
  4 lemures
  2 kobold brigands
  10 bullfrogs
  3 scorpions
  5 two-headed ogre simulacra (IceCv)
  9 killer bees
  Dowan (D:5)
  2 elephant simulacra (IceCv)
  9 wights
  6 howler monkeys
  7 electric eels
  2 bullfrog zombies
  4 centaur zombies
  2 bullfrog skeletons
  A centaur skeleton (D:7)
  9 hounds
  10 jellies
  17 orc priests
  3 iguanas
  22 orc wizards
  Terence (D:2)
  8 hell rats (Lair:4)
  3 polar bear simulacra
  2 troll simulacra (IceCv)
  4 yak simulacra (Lair:5)
  6 wolf simulacra
  A killer bee zombie (D:8)
  A centaur simulacrum (D:8)
  2 howler monkey zombies (D:7)
  A howler monkey skeleton (D:6)
  3 gnolls (D:4)
  4 naga simulacra (IceCv)
  4 adders
  9 white imps
  3 ufetubi
  2 worms
  53 orcs
  2 ball pythons
  3 bats
  16 endoplasms
  4 giant cockroaches
  5 hobgoblins
  4 quokkas
  3 frilled lizards
  5 goblins
  16 kobolds
  5 rats
  A river rat simulacrum (Lair:5)
535 creatures vanquished.

Vanquished Creatures (collateral kills)
  A boulder beetle (D:12)
  A cyclops (D:12)
  2 yaks (D:12)
4 creatures vanquished.

Vanquished Creatures (others)
  A yak (Lair:4)
  3 orc priests (Orc:2)
  2 orc wizards (Orc:2)
  2 orcs (Orc:2)
  15 fungi
  18 plants
41 creatures vanquished.

Grand Total: 580 creatures vanquished

Notes
Turn   | Place    | Note
-------+----------+-------------------------------------------
     0 | D:1      | ThreePoint314 the Hill Orc Berserker began the quest for
                  | the Orb.
     0 | D:1      | Reached XP level 1. HP: 19/19 MP: 1/1
   404 | D:1      | Found a faded altar of an unknown god.
   491 | D:1      | Reached XP level 2. HP: 27/27 MP: 2/2
   975 | D:2      | Reached XP level 3. HP: 30/33 MP: 3/3
  1228 | D:2      | Noticed Terence
  1237 | D:2      | Killed Terence
  1238 | D:2      | Reached skill level 5 in Axes
  1371 | D:2      | Reached XP level 4. HP: 40/40 MP: 4/4
  2129 | D:3      | Noticed Grinder
  2131 | D:3      | Paralysed by Grinder for 3 turns
  2141 | D:3      | Paralysed by Grinder for 4 turns
  2147 | D:3      | Killed Grinder
  2148 | D:3      | Reached skill level 6 in Axes
  2148 | D:3      | Reached XP level 5. HP: 21/47 MP: 5/5
  2148 | D:3      | Reached XP level 6. HP: 25/55 MP: 6/6
  2348 | D:3      | Reached ** piety under Trog
  3108 | D:4      | Noticed a necrophage
  3117 | D:4      | Killed a necrophage
  3118 | D:4      | Reached skill level 5 in Fighting
  3261 | D:4      | Noticed Eustachio
  3263 | D:4      | Noticed Pikel
  3698 | D:4      | Identified a scroll of acquirement
  3699 | D:4      | Acquired a +1 pair of gloves of strength
  3728 | D:4      | Killed Eustachio
  3729 | D:4      | Reached skill level 7 in Axes
  3729 | D:4      | Reached XP level 7. HP: 61/61 MP: 7/7
  4225 | D:4      | Killed Pikel
  4226 | D:4      | Reached skill level 8 in Axes
  4226 | D:4      | Reached skill level 5 in Armour
  4226 | D:4      | Reached XP level 8. HP: 70/70 MP: 8/8
  4321 | D:4      | HP: 7/157 [poisoned by a water moccasin]
  4326 | D:4      | HP: 5/157 [poisoned by a water moccasin]
  4328 | D:4      | Reached skill level 9 in Axes
  4329 | D:4      | HP: 2/105 [poisoned by a water moccasin]
  5034 | D:5      | Entered Level 5 of the Dungeon
  5202 | D:5      | Noticed Duvessa
  5202 | D:5      | Noticed Dowan
  5215 | D:5      | Killed Duvessa
  5219 | D:5      | Killed Dowan
  5817 | D:5      | Reached skill level 10 in Axes
  5817 | D:5      | Reached XP level 9. HP: 62/78 MP: 9/9
  6601 | D:6      | Found an ancient bone altar of Kikubaaqudgha.
  6996 | D:6      | Reached skill level 11 in Axes
  7156 | D:7      | Found a bloodstained altar of Trog.
  7158 | D:7      | Found a shimmering altar of Xom.
  7159 | D:7      | Found a radiant altar of Vehumet.
  7159 | D:7      | Found an opulent altar of Gozag.
  7160 | D:7      | Found a sacrificial altar of Ru.
  7365 | D:7      | Found a staircase to the Ecumenical Temple.
  7528 | D:7      | Reached skill level 1 in Evocations
  7581 | D:7      | Reached skill level 5 in Dodging
  7584 | D:7      | Reached *** piety under Trog
  7607 | D:7      | Noticed a six-headed hydra
  8032 | D:8      | Reached XP level 10. HP: 76/88 MP: 10/10
  8132 | D:8      | Noticed joejoepie's ghost (novice PaFi)
  8160 | D:8      | Found a runed translucent gate.
  8160 | D:8      | Found a runed translucent gate.
  8160 | D:8      | Found a runed translucent gate.
  8244 | D:8      | Reached skill level 12 in Axes
  8326 | D:8      | Noticed Harold
  8342 | D:8      | Killed Harold
  8793 | D:8      | Reached **** piety under Trog
  9171 | D:9      | Found a shimmering blue altar of Sif Muna.
  9306 | D:9      | Found the +1 cloak of Starlight {*Dazzle EV+4 Stlth--}
  9616 | D:9      | Reached skill level 13 in Axes
 10171 | D:10     | Entered Level 10 of the Dungeon
 10384 | D:7      | Killed a six-headed hydra
 10793 | D:7      | Reached XP level 11. HP: 90/97 MP: 11/11
 11502 | D:8      | Killed joejoepie's ghost
 11529 | D:8      | Got the ring of Geseata {Fire Int+7}
 11623 | D:10     | Found a snail-covered altar of Cheibriados.
 11623 | D:10     | Found a glowing golden altar of the Shining One.
 11645 | D:10     | Reached skill level 14 in Axes
 11800 | D:10     | Reached skill level 5 in Evocations
 12307 | D:10     | Found a staircase to the Orcish Mines.
 12335 | D:10     | Found a roughly hewn altar of Beogh.
 12458 | D:10     | Found a runed translucent gate.
 12458 | D:10     | Found a runed translucent gate.
 12458 | D:10     | Found a runed translucent gate.
 12459 | D:10     | Found an opulent altar of Gozag.
 12459 | D:10     | Noticed a wizard
 12459 | D:10     | Noticed yoda5477's ghost (journeyman DsTm)
 12460 | D:10     | Noticed a two-headed ogre
 12713 | D:10     | Reached ***** piety under Trog
 12714 | D:10     | Reached skill level 10 in Fighting
 12889 | D:10     | Noticed a two-headed ogre
 12896 | D:10     | Killed a two-headed ogre
 13254 | D:11     | Noticed a manticore
 13315 | D:11     | Noticed a manticore
 13322 | D:11     | Killed a manticore
 13387 | D:11     | Killed a manticore
 13665 | D:11     | Reached skill level 15 in Axes
 13691 | D:11     | Reached XP level 12. HP: 95/106 MP: 12/12
 13708 | D:11     | Noticed a boulder beetle
 13734 | D:11     | Found a staircase to the Lair.
 13743 | D:11     | Killed a boulder beetle
 14589 | D:12     | Noticed a two-headed ogre
 14601 | D:12     | Killed a two-headed ogre
 14937 | D:12     | Noticed a two-headed ogre
 14948 | D:12     | Killed a two-headed ogre
 14954 | D:12     | Reached skill level 16 in Axes
 14955 | D:12     | Noticed a boulder beetle
 14983 | D:12     | Killed a boulder beetle
 15023 | D:12     | Noticed a two-headed ogre
 15535 | D:12     | Found a stormy altar of Qazlal.
 15550 | D:12     | Killed a two-headed ogre
 15551 | D:12     | Reached skill level 10 in Armour
 15629 | D:12     | Acquired a +1 vorpal executioner's axe
 15935 | Orc:1    | Entered Level 1 of the Orcish Mines
 16240 | Orc:2    | Entered Level 2 of the Orcish Mines
 16276 | Orc:2    | Found a staircase to the Elven Halls.
 16697 | Orc:1    | Reached XP level 13. HP: 113/116 MP: 13/13
 16822 | D:10     | Reached skill level 17 in Axes
 16833 | D:10     | Killed yoda5477's ghost
 16968 | Lair:1   | Entered Level 1 of the Lair of Beasts
 17742 | Lair:1   | You fall into a shaft and drop 1 floor!
 18617 | Lair:2   | Received a gift from Trog
 19460 | Lair:3   | Acquired a manual of Dodging
 20371 | Lair:4   | Found a frozen archway.
 20390 | Lair:4   | Reached skill level 18 in Axes
 20508 | IceCv    | Entered an ice cave
 21341 | IceCv    | Noticed a reaper
 21355 | IceCv    | Killed a reaper
 21356 | IceCv    | Reached XP level 14. HP: 123/127 MP: 14/14
 21575 | Lair:4   | Noticed Nessos
 21588 | Lair:4   | Paralysed by Nessos for 7 turns
 21602 | Lair:4   | Killed Nessos
 21611 | Lair:4   | Found a hole to the Spider Nest.
 21888 | Lair:4   | Received a gift from Trog
 21992 | Lair:4   | Noticed Rupert
 22008 | Lair:4   | Killed Rupert
 22063 | Lair:4   | Noticed Josephine
 22075 | Lair:4   | Killed Josephine
 22144 | Lair:4   | Reached skill level 19 in Axes
 22504 | Lair:4   | Found a staircase to the Swamp.
 22761 | Lair:5   | Found a staircase to the Slime Pits.
 23570 | Lair:6   | Entered Level 6 of the Lair of Beasts
 24575 | Orc:2    | Reached skill level 10 in Dodging
 25357 | Orc:2    | Received a gift from Trog
 25702 | Orc:2    | Found Qeric's Antique Weapon Boutique.
 25702 | Orc:2    | Found Guyzaoh's Antique Armour Shoppe.
 25704 | Orc:2    | Found Erana's Distillery.
 25704 | Orc:2    | Found Oquobb's Weapon Shoppe.
 25712 | Orc:2    | Bought a potion of heal wounds for 70 gold pieces
 25712 | Orc:2    | Bought a potion of curing for 42 gold pieces
 25712 | Orc:2    | Bought a potion of curing for 42 gold pieces
 25712 | Orc:2    | Bought a potion of mutation for 112 gold pieces
 25717 | Orc:2    | Bought the +3 crown of Dyrovepreva {rElec Int+2 SInv} for
                  | 1366 gold pieces
 25717 | Orc:2    | Found the +3 crown of Dyrovepreva {rElec Int+2 SInv}
 25827 | Elf:1    | Entered Level 1 of the Elven Halls
 25918 | Elf:1    | Found a transporter.
 25930 | Elf:1    | Noticed Huli's ghost (master GnWn)
 25940 | Elf:1    | Found a transporter.
 25955 | Elf:1    | You fall into a shaft and drop 1 floor!
 26190 | Elf:2    | Found a huge runed gate.
 26190 | Elf:2    | Found a huge runed gate.
 26190 | Elf:2    | Found a huge runed gate.
 26190 | Elf:2    | Found a huge runed gate.
 26190 | Elf:2    | Found a huge runed gate.
 26190 | Elf:2    | Found a huge runed gate.
 26190 | Elf:2    | Found a huge runed gate.
 26190 | Elf:2    | Found a huge runed gate.
 26211 | Elf:2    | Found a huge runed gate.
 26220 | Elf:2    | Reached XP level 15. HP: 41/136 MP: 15/15
 26227 | Elf:2    | Noticed Sompag's ghost (adept DrVM)
 26227 | Elf:2    | Noticed Nuiffe Xitzo's ghost (journeyman DrEE)
 26228 | Elf:2    | Noticed Erips's ghost (adept TrFi)
 26228 | Elf:2    | Noticed Huli's ghost (master GnWn)
 26228 | Elf:2    | Noticed Waskuitz's ghost (adept DrCj)
 26228 | Elf:2    | Noticed Erips's ghost (adept TrFi)
 26228 | Elf:2    | Noticed Piceto's ghost (adept DEFE)
 26252 | Elf:2    | Reached skill level 20 in Axes
 26256 | Elf:2    | HP: 1/132 [deep elf zephyrmancer/bolt of lightning (9)]
 26266 | Elf:2    | Annihilated by a +3 battleaxe of holy wrath

Illustrated notes

Levels and vault maps discovered:
D:1:      lightli_arrival_chessboard, layout_basic, basic_ecumenical_altar,
          minmay_cut_off
D:2:      layout_loops_ring, uniq_terence
D:3:      layout_basic, corexii_corridor_pit, uniq_grinder
D:4:      layout_layer_cave, uniq_eustachio, uniq_pikel
D:5:      layout_loops_corners, uniq_duvessa
D:6:      layout_basic, lemuel_doored_altar
D:7:      minmay_the_grid_square_5x5_3x3
          [minmay_the_grid_square_5x5_three_small,
          minmay_the_grid_square_5x5_intrusive_squares,
          minmay_the_grid_square_5x5_tie, minmay_the_grid_square_5x5_lines,
          minmay_the_grid_square_5x5_megaprize_hollow,
          minmay_the_grid_square_5x5_inset,
          minmay_the_grid_square_5x5_eight_small,
          minmay_the_grid_square_5x5_corner, minmay_the_grid_square_5x5_empty],
          layout_cave_pods, grunt_temple_overflow_open,
          minmay_temple_entry_statues_fountains
D:8:      lemuel_slime, layout_basic, gammafunk_ghost_icy, uniq_harold
D:9:      layout_loops_ring, mainiacjoe_overflow_brackets
D:10:     layout_basic, jmf_multi_god_temple, minmay_orc_entry_temple_small,
          ebering_ghost_gozag
D:11:     layout_roguey, erik_lair_island, interstate_on_off, nrook_mini_vaults
D:12:     layout_loops_ring, nicolae_qazlal_general_emergency
Lair:1:   layout_small_grid
Lair:2:   layout_misc_corridors
Lair:3:   layout_layer_cave, st_stairs_11, grunt_megastairs_1
Lair:4:   layout_loops_ring, swamp_mist_pool, spider_nest_entry_a,
          portal_ice_cave_entry_pillars_1, special_room
          [special_room_mythical_zoo], uniq_rupert, uniq_nessos, uniq_josephine
Lair:5:   layout_long_grid, slime_dummy, serial_rivers,
          chequers_serial_rivers_micro_a, chequers_serial_rivers_micro_c,
          chequers_serial_rivers_large_b, chequers_serial_rivers_small_b,
          eino_house_with_fridge
Lair:6:   evilmike_catoblepas_cave, layout_hall_layers
Orc:1:    layout_diamond_mine
Orc:2:    grunt_orc_tribal_feast, layout_caves, nicolae_orc_lava_room
Elf:1:    elf_arrival_001, layout_gridlike, gammafunk_ghost_berserking_beasts,
          orc_legates
Elf:2:    elven_hall_of_blades_hangedman_alternative
          [nicolae_blade_entry_splitting_headache], layout_rooms, serial_shops,
          nicolae_shop_hallway_plus, mu_enter_wizlab_3,
          gammafunk_ghost_door_vault

Skill      XL: |  1  2  3  4  5  6  7  8  9 10 11 12 13 14 15 |
---------------+----------------------------------------------+-----
Fighting       | 4 5 6 8 9 10 11 12 13 | 13.5
Axes           | 5 6 7 8 10 11 13 15 16 18 19 20 | 20.0
Dodging        | 2 3 4 5 6 7 9 10 | 10.6
Armour         | 3 4 5 6 8 9 10 11 12 | 12.2
Evocations     | 2 4 5 7 8 9 |  9.7

Action                   |  1- 3 |  4- 6 |  7- 9 | 10-12 | 13-15 || total
-------------------------+-------+-------+-------+-------+-------++-------
Melee: Hand axe          |    70 |    10 |    57 |   224 |       ||   361
       War axe           |       |   114 |   168 |       |    34 ||   316
       Whip              |       |       |    32 |    13 |       ||    45
       Battleaxe         |       |       |       |   323 |       ||   323
       Executioner's axe |       |       |       |    57 |   491 ||   548
Throw: Boomerang         |       |       |       |     1 |       ||     1
       Throwing net      |       |       |       |     1 |       ||     1
Invok: Berserk           |     1 |     2 |     3 |     9 |     5 ||    20
       Brothers in Arms  |       |       |       |     1 |     1 ||     2
       Trog's Hand       |       |       |       |       |     2 ||     2
Evoke: Wand              |       |       |       |    23 |    14 ||    37
       Condenser vane    |       |       |       |       |     2 ||     2
  Use: Scroll            |       |     5 |       |    15 |    19 ||    39
       Potion            |       |       |     1 |     2 |     4 ||     7
 Stab: Invisible         |       |       |       |    24 |    13 ||    37
       Fleeing           |       |       |       |       |     2 ||     2
Armor: Leather armour    |    18 |       |       |       |       ||    18
       Scale mail        |     2 |    59 |   128 |       |       ||   189
       Skin              |       |       |    11 |    22 |       ||    33
       Chain mail        |       |       |    12 |    90 |       ||   102
       Plate armour      |       |       |       |   197 |   343 ||   540
Dodge: Dodged            |    44 |    68 |   159 |   386 |   370 ||  1027
Block: Other             |       |       |       |       |   103 ||   103
       Reflection        |       |       |       |       |     3 ||     3

Table legend: (Time is in decaauts)
 A = Elapsed time spent in this place.
 B = Non-inter-level travel time spent in this place.
 C = Inter-level travel time spent in this place.
 D = Time resting spent in this place.
 E = Time spent auto-exploring this place.
 F = Levels seen in this place.
 G = Mean time per level.
                   A        B        C        D        E       F      G
               +--------+--------+--------+--------+--------+-----+--------+
         Total |  26398 |  25065 |   1333 |   6846 |  14099 |  23 | 1147.7 |
       Dungeon |  16614 |  15621 |    993 |   4031 |   9045 |  12 | 1384.5 |
          Lair |   5617 |   5396 |    221 |    677 |   4023 |   6 |  936.2 |
  Orcish Mines |   2669 |   2551 |    118 |   1290 |    838 |   2 | 1334.5 |
   Elven Halls |    433 |    433 |      0 |    279 |      5 |   2 |  216.5 |
      Ice Cave |   1063 |   1063 |      0 |    568 |    187 |   1 | 1063.0 |
               +--------+--------+--------+--------+--------+-----+--------+

Top non-repeatable levels by time:
   Orc:2: 2006 daAuts
     D:4: 1936 daAuts
    D:10: 1898 daAuts
     D:7: 1735 daAuts
    D:11: 1649 daAuts
     D:8: 1628 daAuts
     D:3: 1518 daAuts
  Lair:3: 1399 daAuts
  Lair:4: 1354 daAuts
    D:12: 1339 daAuts
  Lair:5: 1223 daAuts
     D:9: 1169 daAuts
  Lair:1: 1070 daAuts
   IceCv: 1063 daAuts
     D:6: 1016 daAuts
